 Dungeon Crawl Stone Soup version 0.29.1-15-g9cfb28693d (webtiles) character file.

Game seed: 2602433130933596116

5401 Farfigtubin the Cleaver (level 10, -1/93 HPs)
             Began as a Hill Orc Fighter on Mar 7, 2023.
             Was a Believer of Beogh.
             Succumbed to a hornet's poison
             ... while paralysed by a hornet
             ... on level 9 of the Dungeon.
             The game lasted 00:45:23 (9726 turns).

Farfigtubin the Cleaver (Hill Orc Fighter)          Turns: 9726, Time: 00:45:24

Health: -1/93      AC: 12    Str: 24    XL:     10   Next: 67%
Magic:  10/10      EV:  2    Int:  8    God:    Beogh [**....]
Gold:   1162       SH:  0    Dex: 10    Spells: 9/9 levels left

rFire   . . .      SeeInvis +   a - +0 war axe
rCold   + . .      Faith    .   c - +0 buckler
rNeg    . . .      Spirit   .   P - +0 plate armour
rPois   .          Reflect  +   (no helmet)
rElec   .          Harm     .   (no cloak)
rCorr   +          Rampage  .   (no gloves)
Will    .....                   (no boots)
Stlth   ..........              o - amulet of reflection
HPRegen 0.25/turn               r - ring of Vourasele {rC+ SInv}
MPRegen 0.12/turn               j - ring of resist corrosion

@: paralysed, mighty, lethally poisoned (-1 -> -27), slowed
A: no striking features
a: Renounce Religion, Smiting


You were on level 9 of the Dungeon.
You worshipped Beogh.
Beogh was pleased with you.
You visited 2 branches of the dungeon, and saw 12 of its levels.
You also visited: Sewer.

You collected 1162 gold pieces.

Inventory:

Hand Weapons
 a - a +0 war axe (weapon)
Missiles
 h - 62 stones (quivered)
 q - 26 poisoned darts
 y - 2 javelins
 F - 3 throwing nets
 O - a boomerang
Armour
 c - a +0 buckler (worn)
 z - a +0 chain mail
 P - a +0 plate armour (worn)
Jewellery
 i - a ring of flight
 j - a ring of resist corrosion (right hand)
 o - an amulet of reflection (around neck)
 r - the ring of Vourasele (left hand) {rC+ SInv}
   (You found it on level 3 of the Dungeon)

   [ring of see invisible]

   rC:        It protects you from cold.
   SInv:      It lets you see invisible.
 G - a ring of protection from cold
 K - a ring of fire
 M - an amulet of guardian spirit
Wands
 u - a wand of iceblast (7)
 E - a wand of paralysis (17)
 J - a wand of mindburst (17)
Scrolls
 e - 7 scrolls of identify
 g - 2 scrolls of enchant armour
 k - a scroll of acquirement {unknown}
 n - 2 scrolls of magic mapping
 t - a scroll of silence {unknown}
 v - 2 scrolls of teleportation
 w - 2 scrolls of immolation {unknown}
 x - 2 scrolls of noise {unknown}
 A - a scroll of poison {unknown}
 B - 2 scrolls of enchant weapon {unknown}
 D - a scroll of blinking {unknown}
 N - a scroll of amnesia {unknown}
Potions
 b - 3 potions of attraction
 d - a potion of might
 f - 3 potions of curing
 m - a potion of degeneration {unknown}
 p - a potion of resistance {unknown}
 s - 2 potions of mutation {unknown}
 C - a potion of invisibility {unknown}
 H - a potion of magic {unknown}
 I - 2 potions of brilliance {unknown}
 L - a potion of berserk rage {unknown}


   Skills:
 + Level 10.0 Fighting
 * Level 14.2 Axes
 * Level 4.5 Armour
 - Level 8.8 Shields


You had 9 spell levels left.
You didn't know any spells.
Your spell library contained the following spells:

 Spells                   Type           Power      Damage    Failure   Level
 Ensorcelled Hibernation  Hex/Ice        0%         N/A       100%        2
 Sublimation of Blood     Necr           0%         N/A       100%        2
 Wereblood                Tmut           0%         N/A       100%        2
 Spider Form              Tmut/Pois      0%         N/A       100%        3
 Tukima's Dance           Hex            0%         N/A       100%        3
 Anguish                  Hex/Necr       0%         N/A       100%        4
 Passage of Golubria      Tloc           0%         N/A       100%        4
 Yara's Violent Unravell  Hex/Tmut       0%         3d3       100%        5
 Summon Hydra             Summ           0%         N/A       100%        7


Dungeon Overview and Level Annotations

Branches:
Dungeon (11/15)            Temple (1/1) D:7             Orc (0/2) D:10
  Sewer (visited)
   Lair: D:8-11

Altars:
Ashenzari
Cheibriados
Dithmenos
Elyvilon
Fedhas
Gozag
Hepliaklqana
Kikubaaqudgha
Makhleb
Nemelex Xobeh
Okawaru
Qazlal
Ru
Sif Muna
Trog
Uskayaw
Vehumet
Wu Jian
Xom
Yredelemnul
Zin
The Shining One

Shops:
D:7 *


Message History

The bullfrog snags a nearby fly with its tongue.
The gnoll sergeant hits you from afar with a +0 spear.
You closely miss the hornet.
You feel sick. You block the hornet's attack. x2
The gnoll sergeant hits you but does no damage.
You feel much better.
You feel sick.
You are no longer poisoned.
The hornet stings you but does no damage.
The gnoll sergeant hits you from afar with a +0 spear.
The hornet stings you but does no damage.
You block the hornet's attack.
The gnoll sergeant hits you from afar with a +0 spear.
As you read the scroll of teleportation, it crumbles to dust.
You feel strangely unstable. The hornet stings you.
You are poisoned.
You feel as though you will be slow longer.
You block the gnoll sergeant's attack. The hornet stings you.
You feel as though you will be slow longer.
You slash the hornet!
The hornet is heavily wounded.
You feel very sick.
You hear a roar!
The hornet stings you!
You are more poisoned.
You feel as though you will be slow longer.
The gnoll sergeant barely misses you. The hornet stings you!
* * * LOW HITPOINT WARNING * * *
You are lethally poisoned!
You feel as though you will be slow longer.
You hit the hornet.
The hornet is severely wounded.
* * * LOW HITPOINT WARNING * * *
You feel extremely sick. You block the gnoll sergeant's attack.
You block the hornet's attack. The hornet stings you.
* * * LOW HITPOINT WARNING * * *
You suddenly lose the ability to move!
The gnoll sergeant hits you from afar with a +0 spear.
* * * LOW HITPOINT WARNING * * *
Your surroundings suddenly seem different.
You die...

# #. #..
###...#####
.......@..#
###...###.#
#.. # ..#
##


There were no monsters in sight!

Vanquished Creatures
  Pikel (D:4)
  A komodo dragon (D:10)
  A troll (D:10)
  A wyvern (D:7)
  2 steam dragons
  2 acid dragons
  2 water moccasins
  An orc warrior (D:10)
  A sky beast (D:7)
  A black bear (D:5)
  4 ice beasts (D:7)
  3 ogres
  4 centaurs
  4 phantoms
  A lemure (D:4)
  A kobold brigand (D:9)
  A bullfrog (D:7)
  3 necrophages
  A gnoll sergeant (D:10)
  4 scorpions
  10 killer bees (D:10)
  6 howler monkeys
  5 hounds
  2 jellies
  3 gnoll boudas
  5 iguanas
  An orc wizard (D:7)
  Terence (D:3)
  A hell rat (Sewer)
  16 gnolls
  8 adders
  A river rat (Sewer)
  2 shadow imps (D:7)
  A white imp (D:7)
  A worm (D:3)
  2 dart slugs
  7 orcs
  3 ball pythons
  9 bats
  6 endoplasms
  5 giant cockroaches
  6 goblins
  6 hobgoblins
  4 jackals (D:2)
  9 kobolds
  3 quokkas
  8 frilled lizards
  12 rats
182 creatures vanquished.

Vanquished Creatures (others)
  An ogre (D:6)
  4 plants (D:7)
5 creatures vanquished.

Grand Total: 187 creatures vanquished

Notes
Turn   | Place    | Note
-------+----------+-------------------------------------------
     0 | D:1      | Farfigtubin the Hill Orc Fighter began the quest for the
                  | Orb.
     0 | D:1      | Reached XP level 1. HP: 19/19 MP: 1/1
    35 | D:1      | Reached skill level 3 in Axes
    58 | D:1      | Reached XP level 2. HP: 27/27 MP: 2/2
   150 | D:2      | Reached XP level 3. HP: 33/33 MP: 3/3
   264 | D:2      | Reached skill level 4 in Axes
   831 | D:2      | Reached XP level 4. HP: 28/40 MP: 4/4
  1487 | D:3      | Identified the ring of Vourasele {rC+ SInv}
  1592 | D:3      | Found a glowing drain.
  1596 | D:3      | Noticed Terence
  1600 | D:3      | Reached skill level 5 in Axes
  1612 | D:3      | Killed Terence
  1613 | D:3      | Reached XP level 5. HP: 22/47 MP: 5/5
  1617 | Sewer    | Entered a sewer
  2110 | D:3      | Found a faded altar of an unknown god.
  2113 | D:3      | Found an ancient bone altar of Kikubaaqudgha.
  2281 | D:3      | Found a snail-covered altar of Cheibriados.
  2348 | D:3      | Found a bloodstained altar of Trog.
  2555 | D:4      | Reached skill level 5 in Fighting
  2555 | D:4      | Reached skill level 6 in Axes
  2571 | D:4      | Reached XP level 6. HP: 53/56 MP: 6/6
  2780 | D:4      | Found a hide-covered altar of Uskayaw.
  3143 | D:4      | Noticed Pikel
  3159 | D:4      | Killed Pikel
  3160 | D:4      | Reached skill level 8 in Axes
  3160 | D:4      | Reached skill level 5 in Shields
  3160 | D:4      | Reached XP level 7. HP: 22/63 MP: 7/7
  3395 | D:4      | Found an opulent altar of Gozag.
  3447 | D:5      | Entered Level 5 of the Dungeon
  3476 | D:5      | Reached XP level 8. HP: 71/71 MP: 8/8
  3704 | D:5      | Reached skill level 9 in Axes
  3923 | D:5      | Found a glowing silver altar of Zin.
  4284 | D:5      | Found an iron altar of Okawaru.
  4460 | D:5      | Reached skill level 10 in Axes
  4652 | D:5      | Identified the +3 pair of boots of Lethargy {*Corrode rF++
                  | rN++}
  5085 | D:6      | Reached XP level 9. HP: 69/79 MP: 9/9
  5152 | D:6      | Reached skill level 11 in Axes
  5356 | D:6      | Became a worshipper of Beogh the Brigand
  6092 | D:7      | Found a staircase to the Ecumenical Temple.
  6121 | D:7      | Found Loont's Assorted Antiques.
  6190 | D:7      | Reached skill level 12 in Axes
  6843 | D:7      | Reached * piety under Beogh
  6866 | D:7      | Reached XP level 10. HP: 70/91 MP: 10/10
  6871 | D:7      | Reached skill level 13 in Axes
  7147 | D:7      | Identified the +1 leather armour of Zublegr Ewerr {Int+4}
  7160 | Temple   | Entered the Ecumenical Temple
  7606 | D:8      | You fall into a shaft and drop 3 floors!
  7625 | D:10     | Entered Level 10 of the Dungeon
  8695 | D:10     | Found a staircase to the Orcish Mines.
  8732 | D:10     | Reached skill level 14 in Axes
  9360 | D:9      | Reached skill level 10 in Fighting
  9599 | D:9      | Reached ** piety under Beogh
  9717 | D:9      | Paralysed by a hornet for 1 turns
  9725 | D:9      | Paralysed by a hornet for 3 turns
  9726 | D:9      | Succumbed to a hornet's poison

Illustrated notes

Levels and vault maps discovered:
D:1:      minmay_arrival_diagonal_passages, layout_rooms, minivault_23
D:2:      minmay_razor_zed, layout_loops_ring
D:3:      layout_rooms, nicolae_overflow_ecumenical_swirl,
          cheibrodos_worm_habitat, lemuel_crystal_altar, portal_sewer_entry_a,
          uniq_terence
D:4:      layout_gridville, mainiacjoe_overflow_small_starburst,
          grunt_gozag_breadcrumbs, uniq_pikel
D:5:      layout_basic, zin_scriptorium, okawaru_trees_1,
          kennysheep_generic_room_15
D:6:      layout_basic, nrook_mini_vaults
D:7:      minmay_polygon_palace, layout_rooms, temple_pool_b, serial_shops,
          nicolae_shop_overgrown_old_shop
D:8:      layout_loops_cross
D:9:      layout_basic, david_lair_generic, minmay_circle_x
D:10:     layout_loops_cross, orc_0_dummy, chequers_serial_rivers_micro_c,
          reono_crystal_passage
D:11:     layout_irregular_city, uniq_gastronok, uniq_psyche
Temple:   bh_familiar_temple

Skill      XL: |  1  2  3  4  5  6  7  8  9 10 |
---------------+-------------------------------+-----
Axes           | 3 4 5 6 8 10 12 14 | 14.2
Fighting       | 4 5 6 7 9 10 | 10.0
Shields        | 4 5 6 8 |  8.8
Armour         | 4 |  4.5

Action                   |  1- 3 |  4- 6 |  7- 9 | 10-12 || total
-------------------------+-------+-------+-------+-------++-------
Melee: War axe           |    69 |   164 |   280 |   162 ||   675
Throw: Stone             |       |     5 |     1 |    11 ||    17
       Dart              |       |     2 |    12 |     5 ||    19
       Javelin           |       |       |     4 |       ||     4
Invok: Convert to Beogh  |       |       |     1 |       ||     1
  Use: Potion            |       |     2 |     2 |     2 ||     6
       Scroll            |       |     1 |     4 |     2 ||     7
Armor: Scale mail        |    39 |    23 |       |       ||    62
       Chain mail        |       |    31 |    87 |    29 ||   147
       Plate armour      |       |       |       |    22 ||    22
Dodge: Dodged            |    32 |    41 |    45 |    46 ||   164
Block: Buckler           |    22 |    85 |   126 |   106 ||   339
       Reflection        |       |     1 |     7 |    11 ||    19
